 Dungeon Crawl Stone Soup version 0.30-a0-1018-g25214051b3 (webtiles) character file.

Game seed: 14041807467209778536

80 xian the Conjurer (level 4, -2/21 HPs)
             Began as a Spriggan Conjurer on Apr 7, 2023.
             Killed from afar by an orc wizard (10 damage)
             ... with a magic dart
             ... on level 3 of the Dungeon.
             The game lasted 00:12:03 (2310 turns).

xian the Conjurer (Spriggan Conjurer)               Turns: 2310, Time: 00:12:04

Health: -2/21      AC:  2    Str:  3    XL:     4   Next: 18%
Magic:  2/10       EV: 17    Int: 21    God:
Gold:   106        SH:  0    Dex: 13    Spells: 7/10 levels left

rFire   . . .      SeeInvis +    d - +1 hand axe (heavy)
rCold   . . .      Faith    .    (no shield)
rNeg    . . .      Spirit   .    a - +0 robe
rPois   .          Reflect  .    (helmet restricted)
rElec   .          Rampage  .    (no cloak)
rCorr   .                        (gloves unavailable)
Will    .....                    (boots unavailable)
Stlth   ++                       (no amulet)
HPRegen 0.23/turn                (no ring)
MPRegen 0.12/turn                (no ring)

@: very quick
A: very small, no large weapons, unfitting armour, see invisible, speed 3
a: no special abilities


You were on level 3 of the Dungeon.
You visited 1 branch of the dungeon, and saw 3 of its levels.

You collected 106 gold pieces.

Inventory:

Hand Weapons
 d - a +1 heavy hand axe (weapon)
Armour
 a - a +0 robe (worn)
Scrolls
 c - 4 scrolls of blinking {unknown}
 g - a scroll of vulnerability {unknown}
 h - 2 scrolls of identify {unknown}
 j - a scroll of fear {unknown}
 k - 2 scrolls of amnesia {unknown}
 l - a scroll of poison {unknown}
Potions
 b - a potion of magic
 e - 2 potions of attraction {unknown}
 f - a potion of degeneration {unknown}
 i - a potion of lignification {unknown}


   Skills:
 + Level 0.4 Axes
 + Level 3.1 Dodging
 + Level 3.3 Stealth
 + Level 0.1 Unarmed Combat
 + Level 3.5 Spellcasting
 + Level 3.7 Conjurations


You had 7 spell levels left.
You knew the following spells:

 Your Spells              Type           Power      Damage    Failure   Level
a - Magic Dart            Conj           76%        1d6       2%          1
b - Searing Ray           Conj           38%        2d5       4%          2

Your spell library contained the following spells:

 Spells                   Type           Power      Damage    Failure   Level
 Kiss of Death            Conj/Necr      44%        2d8       6%          1
 Dazzling Flash           Conj/Hex       22%        N/A       17%         3
 Poisonous Vapours        Pois/Air       6%         N/A       19%         2
 Mephitic Cloud           Conj/Pois/Air  8%         N/A       22%         3
 Confusing Touch          Hex            3%         N/A       36%         3
 Fulminant Prism          Conj/Hex       5%         3d7       50%         4
 Iskenderun's Mystic Bla  Conj/Tloc      11%        2d4       50%         4
 Dispel Undead            Necr           3%         3d7       77%         4
 Freezing Cloud           Conj/Ice/Air   4%         6-21      91%         5


Dungeon Overview and Level Annotations

Branches:
Dungeon (3/15)

Altars:


Innate Abilities, Weirdness & Mutations

You are very small and have problems with some larger weapons.
You are too small for most types of armour.
You have supernaturally acute eyesight. (SInv)
You cover ground extremely quickly. (Speed+++)


Message History

The magic dart hits the orc.
You kill the orc!
You can't see any susceptible monsters within range! (Use Z to cast anyway.)
You can't see any susceptible monsters within range! (Use Z to cast anyway.)
An orc comes into view. It is wielding a +0 short sword.
The magic dart hits the orc.
The orc is moderately wounded.
The orc shouts!
You hear a shout! x3
The magic dart hits the orc.
You kill the orc!
An orc wizard comes into view. It is wielding a +0 dagger.
The magic dart hits the orc wizard.
The orc wizard is lightly wounded.
The magic dart hits the orc wizard but does no damage.
The orc wizard is lightly wounded.
An orc comes into view. It is wielding a +0 mace.
The magic dart hits the orc wizard but does no damage.
The orc wizard is lightly wounded.
The magic dart hits the orc wizard.
The orc wizard is lightly wounded.
An orc priest comes into view. It is wielding a +0 club.
The orc priest shouts!
You hit the orc wizard.
The orc wizard is moderately wounded.
The orc wizard misses you.
The orc wizard hits you with a +0 dagger.
You slash the orc wizard!
The orc wizard is almost dead.
You hit the orc. The orc closely misses you.
The orc wizard hits you with a +0 dagger.
The orc wizard barely misses you. The orc hits you with a +0 mace.
You closely miss the orc wizard.
The orc wizard is almost dead.
You barely miss the orc.
A quokka comes into view.
An orc wizard comes into view. It is wielding a +0 dagger.
The orc hits you with a +0 mace. The orc wizard casts a spell at you.
The magic dart hits you!
You die...

....................
##..................
.....##.###....#.###
#..............#.#
#>#####.##.....#.#
...#####.#.........
...........(..##.#.
.#######.##.### .#
#.....@..#
#.......oo##
........#o.#
.....).......
........##)###
###...... .o
...##### ##r .## ##


You could see an orc priest, 2 orc wizards, an orc and a quokka (wandering).

Vanquished Creatures
  An iguana (D:3)
  A dart slug (D:1)
  2 orcs (D:3)
  2 bats
  7 endoplasms
  2 giant cockroaches (D:2)
  6 goblins
  7 hobgoblins
  3 kobolds (D:1)
  A quokka (D:2)
  4 ball pythons
  4 frilled lizards (D:1)
  3 rats
43 creatures vanquished.

Notes
Turn   | Place    | Note
-------+----------+-------------------------------------------
     0 | D:1      | xian the Spriggan Conjurer began the quest for the Orb.
     0 | D:1      | Reached XP level 1. HP: 9/9 MP: 5/5
   235 | D:1      | Reached XP level 2. HP: 13/13 MP: 3/6
   238 | D:1      | Learned a level 2 spell: Searing Ray
   842 | D:1      | Reached XP level 3. HP: 16/16 MP: 4/8
  1458 | D:2      | Found a faded altar of an unknown god.
  2152 | D:3      | Reached XP level 4. HP: 21/21 MP: 0/10
  2310 | D:3      | Killed from afar by an orc wizard

Illustrated notes

Levels and vault maps discovered:
D:1:      minmay_arrival_diagonal_passages, layout_basic, columned_hall_lemuel,
          st_stairs_9
D:2:      layout_basic, hellmonk_ecumenical_altar_lost_god, grunt_ministairs_6,
          minmay_misc_feat_cross
D:3:      layout_rooms, ebering_ghost_sewer_f

Skill      XL: |  1  2  3 |
---------------+----------+-----
Conjurations   | 3 |  3.7
Spellcasting   | 3 |  3.5
Dodging        | 3 |  3.1
Axes           | |  0.4
Stealth        | |  3.3
Unarmed Combat | |  0.1

Action                     |  1- 3 |  4- 6 || total
---------------------------+-------+-------++-------
  Melee: Unarmed           |    11 |       ||    11
         Hand axe          |    10 |     3 ||    13
         Punch             |     1 |       ||     1
   Cast: Magic Dart        |    75 |    13 ||    88
         Searing Ray       |     1 |       ||     1
 Armour: Robe              |     6 |       ||     6
  Dodge: Dodged            |    31 |     3 ||    34

Table legend: (Time is in decaauts)
 A = Elapsed time spent in this place.
 B = Non-inter-level travel time spent in this place.
 C = Inter-level travel time spent in this place.
 D = Time resting spent in this place.
 E = Time spent auto-exploring this place.
 F = Levels seen in this place.
 G = Mean time per level.
                   A        B        C        D        E       F      G
               +--------+--------+--------+--------+--------+-----+--------+
         Total |   1750 |   1721 |     29 |      0 |   1480 |   3 |  583.3 |
       Dungeon |   1750 |   1721 |     29 |      0 |   1480 |   3 |  583.3 |
               +--------+--------+--------+--------+--------+-----+--------+

Top non-repeatable levels by time:
     D:1: 895 daAuts
     D:2: 651 daAuts
     D:3: 203 daAuts
